 Dungeon Crawl Stone Soup version 0.17-a0-1701-gf693a3f (webtiles) character file.

1364 pipel the Twirler (level 8, -1/50 HPs)
             Began as a Gargoyle Gladiator on Aug 21, 2015.
             Was an Initiate of Okawaru.
             Slain by esc's ghost (13 damage)
             ... on level 6 of the Dungeon.
             The game lasted 00:14:29 (4618 turns).

pipel the Twirler (Gargoyle Gladiator)              Turns: 4618, Time: 00:14:29

Health: -1/50      AC: 20    Str: 20    XL:     8   Next: 64%
Magic:  8/8        EV:  9    Int: 10    God:    Okawaru [......]
Gold:   96         SH:  0    Dex: 10    Spells: 0 memorised, 7 levels left

rFire  . . .     SeeInvis +     i - +4 quarterstaff (chaos)
rCold  . . .     Clarity  .     x - +1 chain mail
rNeg   + . .     SustAt   .     (no shield)
rPois  ∞         Gourm    .     c - +0 helmet
rElec  +         Spirit   .     q - +2 cloak
rCorr  .         Warding  .     (no gloves)
rMut   .         Stasis   .     (no boots)
MR     .....                    (no amulet)
Stlth  ..........               (no ring)
                                C - ring of see invisible

@: not resistant to hostile enchantments, extremely unstealthy
A: negative energy resistance 1, electricity resistance, unbreathing,
petrification resistance, rot immunity, AC +5
a: Renounce Religion


You were on level 6 of the Dungeon.
You worshipped Okawaru.
Okawaru was noncommittal.
You were not hungry.

You visited 2 branches of the dungeon, and saw 7 of its levels.

You collected 212 gold pieces.
You spent 116 gold pieces at shops.

Inventory:

Hand weapons
 a - a +0 quarterstaff
 i - a +4 quarterstaff of chaos (weapon)
Missiles
 d - 2 throwing nets (quivered)
 f - 59 stones
 l - 39 poisoned needles
 E - 14 tomahawks
Armour
 b - a +0 leather armour
 c - a +0 helmet (worn)
 n - a +0 ring mail
 q - a +2 cloak (worn)
 s - a +1 ring mail of poison resistance
 x - a +1 chain mail (worn)
Jewellery
 C - a ring of see invisible (left hand)
Magical devices
 y - a wand of random effects (4)
 H - a wand of disintegration (5)
Scrolls
 m - 5 scrolls of teleportation
 D - 2 scrolls of immolation
 F - a scroll of recharging
 G - a scroll of remove curse
Potions
 g - 3 potions of heal wounds
 h - 4 potions of curing
 j - 2 potions of haste
 k - a potion of resistance
 o - a potion of cure mutation {unknown}
 p - a potion of brilliance {unknown}
 r - a potion of poison {unknown}
 u - a potion of might
 w - a potion of invisibility {unknown}
 A - a potion of mutation {unknown}
 B - a potion of magic {unknown}
Comestibles
 e - 6 bread rations
 t - 2 beef jerkies
 v - a slice of pizza
 z - a royal jelly


   Skills:
 + Level 5.6 Fighting
 + Level 6.2 Staves
 + Level 3.2 Throwing
 + Level 4.8 Armour
 + Level 4.2 Dodging
 - Level 2.6 Stealth


You had 7 spell levels left.
You didn't know any spells.

Dungeon Overview and Level Annotations

Branches:
Dungeon (6/15)             Temple (1/1) D:5

Altars:
Ashenzari
Elyvilon
Nemelex Xobeh
Okawaru
Qazlal
Ru
Trog
Vehumet
Zin

Shops:
D:4 *

Annotations:
D:6 esc's ghost, experienced DsGl


Innate Abilities, Weirdness & Mutations

You are resistant to torment.
Your stone body is resilient (AC +5).
You are immune to poison.
You resist negative energy.
You are resistant to electric shocks.
You can survive without breathing.
You are immune to petrification.
You are immune to rotting.


Message History

Your chain mail prevents you from hitting esc's ghost.
Esc's ghost is heavily damaged.
Esc's ghost barely misses you.
You sock esc's ghost!
Esc's ghost is severely damaged.
Esc's ghost hits you!
Your chain mail prevents you from hitting esc's ghost.
Esc's ghost is severely damaged.
Esc's ghost hits you.
Your chain mail prevents you from hitting esc's ghost.
Esc's ghost is severely damaged.
Esc's ghost hits you.
* * * LOW HITPOINT WARNING * * *
You closely miss esc's ghost.
Esc's ghost is severely damaged.
Esc's ghost completely misses you.
You hit esc's ghost. You freeze esc's ghost.
Esc's ghost is severely damaged.
Esc's ghost hits you!
You die...

##.##.. ..[..#
...<.### .....#.#
############.#..#.###
...........#.#..#...
.<.........#.#..#W#.#
...........#.#..@...#
....>.........#.#.#.#
.....>........#.#.#
...........#.##.#.#
...........#....#.#
............#####.#
............. .#
............## ##
.............


You could see esc's ghost.

Vanquished Creatures
  A water moccasin (D:5)
  2 orc warriors
  2 phantoms
  Blork the orc (D:5)
  2 jellies
  2 giant frog skeletons (D:4)
  A hound (D:6)
  4 orc wizards
  Crazy Yiuf (D:2)
  A centaur skeleton (D:5)
  4 orc priests (D:4)
  Natasha (D:4)
  A worker ant (D:4)
  13 adders
  3 gnolls
  A shadow imp (D:6)
  2 oozes
  An adder zombie (D:5)
  3 worms
  5 giant geckos
  20 orcs
  7 bats
  5 giant cockroaches
  6 goblins
  3 hobgoblins (D:1)
  A giant gecko skeleton (D:6)
  2 giant newts
  6 jackals
  3 kobolds
  4 rats
108 creatures vanquished.

Vanquished Creatures (others)
  A centaur (D:5)
  A plant (D:4)
2 creatures vanquished.

Grand Total: 110 creatures vanquished

Notes
Turn   | Place    | Note
--------------------------------------------------------------
     0 | D:1      | pipel the Gargoyle Gladiator began the quest for the Orb.
     0 | D:1      | Reached XP level 1. HP: 12/12 MP: 1/1
   341 | D:1      | Reached XP level 2. HP: 18/18 MP: 2/2
   865 | D:1      | Reached XP level 3. HP: 4/22 MP: 3/3
  1136 | D:1      | Reached skill level 1 in Armour
  1136 | D:1      | Reached XP level 4. HP: 12/27 MP: 4/4
  1340 | D:2      | Noticed Crazy Yiuf
  1356 | D:2      | Killed Crazy Yiuf
  1448 | D:2      | Found a bloodstained altar of Trog.
  1495 | D:2      | Reached XP level 5. HP: 32/32 MP: 5/5
  2219 | D:3      | Reached skill level 4 in Staves
  2424 | D:4      | Noticed a phantom
  2445 | D:4      | Killed a phantom
  2445 | D:4      | Reached XP level 6. HP: 23/38 MP: 6/6
  2519 | D:4      | Found Sazoasm's Assorted Antiques.
  2527 | D:4      | Bought a crooked bronze wand for 116 gold pieces
  2792 | D:4      | Reached XP level 7. HP: 41/43 MP: 7/7
  2935 | D:4      | Noticed Natasha
  2959 | D:4      | Killed Natasha
  2959 | D:4      | Reached skill level 1 in Stealth
  3303 | D:5      | Entered Level 5 of the Dungeon
  3452 | D:5      | Reached skill level 5 in Staves
  3599 | D:5      | Noticed Blork the orc
  3607 | D:5      | Killed Blork the orc
  3668 | D:5      | Reached skill level 5 in Fighting
  3668 | D:5      | Reached XP level 8. HP: 32/49 MP: 8/8
  3999 | D:5      | Found a staircase to the Ecumenical Temple.
  4006 | Temple   | Entered the Ecumenical Temple
  4027 | Temple   | Became a worshipper of Warmaster Okawaru
  4267 | D:6      | Reached skill level 6 in Staves
  4601 | D:6      | Noticed esc's ghost (experienced DsGl)
  4618 | D:6      | Slain by esc's ghost

Vault maps used:
D:1:      evilmike_arrival_run_for_it, minmay_misc_feat_cross
D:2:      lemuel_coloured_pillars_altar, uniq_crazy_yiuf_cottage
D:4:      serial_shops, nicolae_shop_overgrown_old_shop, uniq_natasha
D:5:      temple_green, first_bread, uniq_blork_the_orc
D:6:      serial_shops, nicolae_shop_crystal
Temple:   water_room_temple_a_12

Action                   |  1- 3 |  4- 6 |  7- 9 || total
-------------------------+-------+-------+-------++-------
Melee: Quarterstaff      |    70 |   145 |   154 ||   369
Throw: Stone             |     8 |    13 |     4 ||    25
       Throwing net      |       |     2 |     1 ||     3
Evoke: Wand              |       |       |     1 ||     1
  Use: Scroll            |     1 |    10 |     1 ||    12
       Potion            |       |     2 |       ||     2
 Stab: Confused          |       |       |     3 ||     3
       Held in net/web   |       |       |     1 ||     1
       Paralysed         |       |       |     1 ||     1
  Eat: Chunk             |     1 |     5 |     2 ||     8
       Meat ration       |       |       |     1 ||     1
